 Dungeon Crawl Stone Soup version 0.27-a0-789-g6bb3289e1e (webtiles) character file.

Game seed: 8962289067656297949

4055 leviel the Carver (level 10, -5/66 HPs)
             Began as a Gargoyle Monk on Mar 26, 2021.
             Was an Elder of Okawaru.
             Slain by a two-headed ogre
             ... wielding a +0 giant club
              (17 damage)
             ... on level 9 of the Dungeon.
             The game lasted 00:15:45 (11071 turns).

leviel the Carver (Gargoyle Monk)                  Turns: 11071, Time: 00:15:46

Health: -5/66      AC: 14    Str: 19    XL:     10   Next: 25%
Magic:  0/10       EV: 14    Int: 10    God:    Okawaru [****..]
Gold:   348        SH:  0    Dex: 12    Spells: 9/9 levels left

rFire    . . .     SeeInvis .   a - +1 long sword (flame)
rCold    . . .     Faith    .   (no shield)
rNeg     + . .     Spirit   +   b - +0 robe
rPois    ∞         Reflect  .   l - +2 helmet
rElec    +         Harm     .   (no cloak)
rCorr    .         Rampage  .   c - +0 pair of gloves
Will     .....                  (no boots)
Stlth    +++.......             r - amulet of guardian spirit
HPRegen  0.21/turn              (no ring)
MPRegen  0.12/turn              (no ring)

@: about to teleport, heroic
A: AC +7, negative energy resistance 1, electricity resistance, torment
resistance 1, unbreathing 1, petrification resistance
a: Renounce Religion, Heroism


You were on level 9 of the Dungeon.
You worshipped Okawaru.
Okawaru was greatly pleased with you.
You visited 2 branches of the dungeon, and saw 10 of its levels.

You collected 348 gold pieces.

Inventory:

Hand Weapons
 a - a +1 long sword of flaming (weapon)
Missiles
 s - 31 poisoned darts (quivered)
Armour
 b - a +0 robe (worn)
 c - a +0 pair of gloves (worn)
 l - a +2 helmet (worn)
 u - a +0 ring mail
Jewellery
 k - a ring of fire
 r - an amulet of guardian spirit (around neck)
 t - a ring of flight
Wands
 j - a wand of random effects (17)
 m - a wand of mindburst (21)
Scrolls
 n - a scroll of identify
Potions
 d - a potion of flight
 e - a potion of brilliance
 f - a potion of mutation
 h - a potion of resistance
 i - a potion of magic {unknown}
 o - 2 potions of heal wounds {unknown}
 p - a potion of curing {unknown}
 v - 2 potions of attraction {unknown}
 w - a potion of haste {unknown}
 x - a potion of might {unknown}


   Skills:
 + Level 9.2(14.2) Fighting
 * Level 10.5(15.5) Long Blades
 - Level 2.4(7.4) Dodging
 - Level 2.1(7.1) Stealth
 + Level 4.3 Evocations


You had 9 spell levels left.
You didn't know any spells.
Your spell library contained the following spells:

 Spells                   Type           Power      Damage    Failure   Level
 Magic Dart               Conj           0%         1d3       36%         1
 Searing Ray              Conj           0%         3d3       50%         2
 Confusing Touch          Hex            0%         N/A       75%         3
 Dazzling Flash           Conj/Hex       0%         N/A       75%         3
 Gell's Gravitas          Tloc           0%         N/A       75%         3
 Fulminant Prism          Conj/Hex       0%         3d6       98%         4
 Iskenderun's Mystic Bla  Conj/Tloc      0%         2d3       98%         4
 Petrify                  Tmut/Erth      0%         N/A       98%         4
 Metabolic Englaciation   Hex/Ice        0%         N/A       100%        5
 Yara's Violent Unravell  Hex/Tmut       0%         3d3       100%        5


Dungeon Overview and Level Annotations

Branches:
Dungeon (9/15)             Temple (1/1) D:7
   Lair: D:8-11         Orc: D:9-12

Altars:
Ashenzari
Cheibriados
Dithmenos
Elyvilon
Fedhas
Gozag
Hepliaklqana
Kikubaaqudgha
Nemelex Xobeh
Okawaru
Qazlal
Ru
Sif Muna
Trog
Uskayaw
Vehumet
Wu Jian
Xom
Yredelemnul
Zin
The Shining One

Shops:
D:3 [

Annotations:
D:8 1 runed translucent door, Harold


Innate Abilities, Weirdness & Mutations

Your stone body is resilient. (AC +7)
You are immune to poison.
You resist negative energy. (rN+)
You are resistant to electric shocks. (rElec)
You are resistant to unholy torment.
You can survive without breathing.
You are immune to petrification.


Message History

No target in view!
No target in view!
No target in view!
No target in view!
No target in view!
No target in view!
No target in view!
Found 23 bolts.
As you open the door, it creaks loudly!
You hear two shouts!
A two-headed ogre comes into view. It is wielding two +0 giant clubs.
The two-headed ogre shouts in stereo!
The two-headed ogre moves out of view.
There is an open door here.
A two-headed ogre is nearby!
The two-headed ogre barely misses you.
You riposte.
You slash the two-headed ogre! You burn the two-headed ogre.
The two-headed ogre is moderately wounded.
The two-headed ogre hits you with a +0 giant club!
You gain the combat prowess of a mighty hero.
The two-headed ogre hits you with a +0 giant club!
The two-headed ogre misses you.
You hit the two-headed ogre but do no damage.
The two-headed ogre is moderately wounded.
The two-headed ogre barely misses you. The two-headed ogre closely misses you.
You hit the two-headed ogre but do no damage.
The two-headed ogre is moderately wounded.
The two-headed ogre hits you with a +0 giant club.
The two-headed ogre misses you.
You hit the two-headed ogre. You burn the two-headed ogre.
The two-headed ogre is moderately wounded.
You hit the two-headed ogre but do no damage.
The two-headed ogre is moderately wounded.
The two-headed ogre hits you with a +0 giant club!
The two-headed ogre hits you with a +0 giant club!!
* * * LOW HITPOINT WARNING * * *
There is an open door here.
As you read the scroll of teleportation, it crumbles to dust.
You feel strangely unstable.
The two-headed ogre hits you with a +0 giant club!!
You die...

....#....#.......#####..
#####....####...........
............#...........
............#..........
............+......(.
............#......######
......).....#......#....#
'##........)#......#....+
..#.........#...@###....#
..#..########....O....#
..#..#..........##....#
..####..........#.....#
†...............#.....#
................#.....#
................#.....#
................#######
..................


You could see a two-headed ogre.

Vanquished Creatures
  Sigmund (D:2)
  3 wraiths
  A shadow (D:8)
  A basilisk (D:8)
  A fire bat (D:8)
  An acid dragon (D:8)
  2 water moccasins
  2 sky beasts
  3 hornet zombies
  An ice beast (D:7)
  A necrophage (D:7)
  4 ogres
  A kobold brigand (D:6)
  3 bullfrogs
  A scorpion (D:4)
  A water moccasin skeleton (D:4)
  17 killer bees
  A howler monkey (D:9)
  A centaur zombie (D:8)
  2 hounds
  2 jellies
  A bullfrog skeleton (D:6)
  A gnoll shaman (D:8)
  Natasha (thrice) (D:2)
  2 iguanas
  2 orc wizards (D:8)
  A killer bee zombie (D:7)
  Robin (D:2)
  3 gnolls (D:8)
  7 adders
  An ufetubus (D:7)
  A dart slug (D:2)
  6 orcs
  7 ball pythons
  6 endoplasms
  5 giant cockroaches
  15 goblins
  8 hobgoblins
  6 jackals
  9 kobolds
  6 quokkas
  15 bats
  11 frilled lizards
  8 rats
175 creatures vanquished.

Vanquished Creatures (others)
  65 plants (D:2)
65 creatures vanquished.

Grand Total: 240 creatures vanquished

Notes
Turn   | Place    | Note
-------+----------+-------------------------------------------
     0 | D:1      | leviel the Gargoyle Monk began the quest for the Orb.
     0 | D:1      | Reached XP level 1. HP: 14/14 MP: 1/1
    83 | D:1      | Reached skill level 3 in Long Blades
   113 | D:1      | Reached XP level 2. HP: 4/19 MP: 2/2
   982 | D:1      | Reached XP level 3. HP: 24/24 MP: 3/3
  1334 | D:2      | Noticed Robin
  1362 | D:2      | Noticed Natasha
  1383 | D:2      | Killed Natasha
  1384 | D:2      | Reached skill level 4 in Long Blades
  1384 | D:2      | Reached XP level 4. HP: 23/29 MP: 4/4
  1530 | D:2      | Killed Robin
  1567 | D:2      | Noticed Natasha
  1579 | D:2      | Killed Natasha
  1580 | D:2      | Reached XP level 5. HP: 8/34 MP: 5/5
  1831 | D:2      | Noticed Natasha
  1838 | D:2      | Killed Natasha
  1866 | D:2      | Found a shimmering altar of Xom.
  2446 | D:2      | Noticed Sigmund
  2457 | D:2      | Killed Sigmund
  2458 | D:2      | Reached skill level 5 in Fighting
  2458 | D:2      | Reached skill level 5 in Long Blades
  2458 | D:2      | Reached XP level 6. HP: 23/40 MP: 6/6
  3048 | D:3      | Found Covaq's Antique Armour Emporium.
  3233 | D:4      | Reached skill level 6 in Long Blades
  3233 | D:4      | Reached XP level 7. HP: 36/44 MP: 7/7
  3938 | D:5      | Entered Level 5 of the Dungeon
  4367 | D:5      | Reached skill level 7 in Long Blades
  5187 | D:5      | Reached XP level 8. HP: 46/52 MP: 6/8
  6575 | D:7      | Reached skill level 8 in Long Blades
  7038 | D:7      | Found a staircase to the Ecumenical Temple.
  7080 | Temple   | Entered the Ecumenical Temple
  7338 | Temple   | Became a worshipper of Warmaster Okawaru
  7338 | Temple   | Reached * piety under Okawaru
  7338 | Temple   | Reached ** piety under Okawaru
  7596 | D:7      | Reached skill level 1 in Evocations
  7654 | D:7      | Reached XP level 9. HP: 55/58 MP: 9/9
  7863 | D:7      | Reached skill level 9 in Long Blades
  8540 | D:8      | Found a broken altar of Ashenzari.
  8670 | D:8      | Reached *** piety under Okawaru
  9136 | D:8      | Found a runed translucent door.
  9197 | D:8      | Found a bloodstained altar of Trog.
  9208 | D:8      | Found a bloodstained altar of Trog.
  9254 | D:8      | Found a broken altar of Ashenzari.
  9260 | D:8      | Found a hide-covered altar of Uskayaw.
  9439 | D:8      | Reached skill level 10 in Long Blades
  9641 | D:8      | Found an iron altar of Okawaru.
  9654 | D:8      | Reached **** piety under Okawaru
  9655 | D:8      | Reached XP level 10. HP: 42/65 MP: 6/10
  9779 | D:8      | Found a shadowy altar of Dithmenos.
  9898 | D:8      | Noticed Harold
  9909 | D:8      | Noticed a flayed ghost
 11060 | D:9      | Noticed a two-headed ogre
 11071 | D:9      | Slain by a two-headed ogre

Illustrated notes

Levels and vault maps discovered:
D:1:      matt_arrival_los_fun, layout_basic
D:2:      wad_woods_stonehenge, layout_basic, grunt_decor_mini_mirrors,
          uniq_natasha, uniq_sigmund, uniq_robin
D:3:      layout_rooms, serial_shops, nicolae_shop_window_shopping
D:4:      layout_cave_pools
D:5:      layout_rooms, biasface_ghost_orc_armoury
D:6:      layout_basic
D:7:      layout_loops_ring, minmay_temple_entry_poolview
D:8:      due_megacathedral, layout_loops_corners, erik_lair_dragon,
          grunt_ashenzari_visionary [grunt_ashenzari_visionary_shoals,
          grunt_ashenzari_visionary_spider], uniq_harold
D:9:      layout_irregular_city, nicolae_overflow_crystal_walls
Temple:   nicolae_temple_the_god_donut

Skill      XL: |  1  2  3  4  5  6  7  8  9 10 |
---------------+-------------------------------+-----
Long Blades    | 3 4 5 6 7 8 10 | 10.5
Fighting       | 4 5 6 7 8 9 |  9.2
Evocations     | 1 3 4 |  4.3
Dodging        | |  2.4
Stealth        | |  2.1

Action                   |  1- 3 |  4- 6 |  7- 9 | 10-12 || total
-------------------------+-------+-------+-------+-------++-------
Melee: Falchion          |    51 |       |       |       ||    51
       Long sword        |    49 |   148 |   289 |    90 ||   576
       Punch             |       |       |       |     1 ||     1
Throw: Dart              |       |       |     4 |       ||     4
Invok: Heroism           |       |       |     1 |     2 ||     3
Evoke: Wand              |       |       |     2 |       ||     2
  Use: Scroll            |       |     2 |    13 |     4 ||    19
 Stab: Sleeping          |     4 |     3 |     6 |     1 ||    14
       Distracted        |       |     1 |       |       ||     1
Armor: Robe              |    40 |    77 |   114 |    54 ||   285
Dodge: Dodged            |    82 |   108 |   179 |    93 ||   462
       Rpst.: Falchion   |    17 |       |       |       ||    17
       Long sword        |    11 |    30 |    57 |    30 ||   128

Table legend: (Time is in decaauts)
 A = Elapsed time spent in this place.
 B = Non-inter-level travel time spent in this place.
 C = Inter-level travel time spent in this place.
 D = Time resting spent in this place.
 E = Time spent auto-exploring this place.
 F = Levels seen in this place.
 G = Mean time per level.
                   A        B        C        D        E       F      G
               +--------+--------+--------+--------+--------+-----+--------+
         Total |  11152 |  10889 |    263 |   3467 |   5833 |  10 | 1115.2 |
       Dungeon |  10869 |  10607 |    262 |   3467 |   5596 |   9 | 1207.7 |
        Temple |    282 |    282 |      0 |      0 |    237 |   1 |  282.0 |
               +--------+--------+--------+--------+--------+-----+--------+

Top non-repeatable levels by time:
     D:8: 2196 daAuts
     D:1: 1642 daAuts
     D:7: 1505 daAuts
     D:4: 1447 daAuts
     D:6: 1343 daAuts
     D:2: 1241 daAuts
     D:9: 553 daAuts
     D:5: 534 daAuts
     D:3: 406 daAuts
  Temple: 282 daAuts
